 Dungeon Crawl Stone Soup version 0.29-a0-670-g5ff2a30383 (webtiles) character file.

Game seed: 2488758373065355468

105 DeathSun the Ruffian (level 4, -4/35 HPs)
             Began as a Demonspawn Fighter on June 24, 2022.
             Killed by divine providence
             ... invoked by an orc priest
              (13 damage)
             ... on level 3 of the Dungeon.
             The game lasted 00:06:03 (3222 turns).

DeathSun the Ruffian (Demonspawn Fighter)           Turns: 3222, Time: 00:06:03

Health: -4/35      AC:  6    Str: 18    XL:     4   Next: 53%
Magic:  4/4        EV:  9    Int: 10    God:
Gold:   140        SH:  4    Dex: 12    Spells: 3/3 levels left

rFire   . . .      SeeInvis .   a - +0 flail
rCold   . . .      Faith    .   c - +0 buckler
rNeg    . . .      Spirit   .   b - +0 scale mail
rPois   .          Reflect  .   (no helmet)
rElec   .          Harm     .   (no cloak)
rCorr   .          Rampage  .   (no gloves)
Will    .....                   (no boots)
Stlth   ..........              (no amulet)
HPRegen 0.11/turn               (no ring)
MPRegen 0.09/turn               (no ring)

@: no status effects
A: claws 1, demonic guardian 1
a: no special abilities


You were on level 3 of the Dungeon.
You visited 1 branch of the dungeon, and saw 3 of its levels.

You collected 140 gold pieces.

Inventory:

Hand Weapons
 a - a +0 flail (weapon)
Armour
 b - a +0 scale mail (worn)
 c - a +0 buckler (worn)
Scrolls
 f - a scroll of acquirement {unknown}
 l - 4 scrolls of identify
 n - a scroll of enchant armour {unknown}
Potions
 d - a potion of might
 e - a potion of invisibility
 g - a potion of brilliance {unknown}
 h - a potion of ambrosia {unknown}
 i - a potion of lignification {unknown}
 j - a potion of curing {unknown}
 k - a potion of heal wounds {unknown}
 m - a potion of attraction {unknown}


   Skills:
 - Level 3.0 Fighting
 - Level 2.5 Maces & Flails
 - Level 2.6 Armour
 - Level 2.6 Shields
 * Level 3.3 Unarmed Combat


You had 3 spell levels left.
You didn't know any spells.
Your spell library contained the following spells:

 Spells                   Type           Power      Damage    Failure   Level
 Shock                    Conj/Air       0%         1d3       85%         1
 Swiftness                Air            0%         N/A       99%         3
 Airstrike                Air            0%         N/A       100%        4


Dungeon Overview and Level Annotations

Branches:
Dungeon (3/15)

Altars:


Innate Abilities, Weirdness & Mutations

You have sharp fingernails.
A weak demonic guardian rushes to your aid.


Message History

You closely miss the hobgoblin.
The hobgoblin hits you but does no damage.
The kobold attacks as you move away! The kobold hits you but does no damage.
You hit the hobgoblin.
The hobgoblin is moderately wounded.
You block the hobgoblin's attack.
You closely miss the hobgoblin.
The hobgoblin is moderately wounded.
You block the hobgoblin's attack.
You barely miss the hobgoblin.
The hobgoblin is moderately wounded.
The hobgoblin hits you but does no damage. x2
You thump the hobgoblin!
You kill the hobgoblin!
You closely miss the kobold.
The orc shouts!
You hear a shout!
The kobold barely misses you. The kobold hits you with a +0 dagger.
You barely miss the kobold. The kobold barely misses you.
An orc and an orc priest come into view.
The orc shouts!
The orc priest shouts!
The orc priest invokes the aid of Beogh against you.
Beogh smites you!
* * * LOW HITPOINT WARNING * * *
A demonic guardian appears!
The orc hits you but does no damage.
Unknown command.
Okay, then.
As you read the scroll labelled FUEPINWOGE, it crumbles to dust.
It is a scroll of identify.
e - a potion of invisibility The orc barely misses you.
The kobold hits you but does no damage.
An orc comes into view.
It is wielding a +0 whip and quivering boomerangs of dispersal.
The orc hits you with a +0 flail.
* * * LOW HITPOINT WARNING * * *
Your shadow imp hits the orc.
The orc priest casts a cantrip, but nothing happens.
The orc hits your shadow imp with a +0 flail.
Your shadow imp hits the orc but does no damage.
The orc priest invokes the aid of Beogh against you.
Beogh smites you!
You die...

##.## #...# ##. #...# ..>
#...# #####.##
#####..o######......#
#......o....#.......##
........o5o.†.........
#.......K...#.......# #.
#####..@#####.......# #.
#..<# #.......# #. #...#
#......... #. #...#
#......... #.#########.##
####.###..
.####........##.#########..
. .......#
#..............#.##
##.###.#.##...#####.#
####......#.##.........#####


You could see an orc priest, 3 orcs, a kobold and a friendly shadow imp
(summoned).

Vanquished Creatures
  An orc wizard (D:3)
  2 adders (D:2)
  A worm (D:2)
  A dart slug (D:2)
  2 bats
  6 endoplasms
  3 giant cockroaches
  2 goblins
  6 hobgoblins
  17 kobolds
  4 quokkas
  3 ball pythons
  A frilled lizard (D:1)
  6 rats
55 creatures vanquished.

Notes
Turn   | Place    | Note
-------+----------+-------------------------------------------
     0 | D:1      | DeathSun the Demonspawn Fighter began the quest for the
                  | Orb.
     0 | D:1      | Reached XP level 1. HP: 18/18 MP: 1/1
   372 | D:1      | Gained mutation: You have sharp fingernails. [demonic
                  | ancestry]
   372 | D:1      | Reached XP level 2. HP: 24/24 MP: 2/2
   582 | D:1      | Reached skill level 1 in Unarmed Combat
  1250 | D:2      | Found Cexkof's Book Boutique.
  1449 | D:2      | Reached XP level 3. HP: 8/29 MP: 3/3
  2586 | D:2      | Gained mutation: A weak demonic guardian rushes to your
                  | aid. [demonic ancestry]
  2586 | D:2      | Reached XP level 4. HP: 35/35 MP: 4/4
  3222 | D:3      | Killed from afar by an orc priest

Illustrated notes

Levels and vault maps discovered:
D:1:      minmay_arrival_up_and_down, layout_loops_ring
D:2:      minmay_kobold_bridge, layout_basic, serial_shops, shop
D:3:      layout_loops_cross, gup_sewer_entry_bubbles

Skill      XL: |  1  2  3  4 |
---------------+-------------+-----
Maces & Flails | 2 |  2.5
Unarmed Combat | 1 2 3 |  3.3
Fighting       | |  3.0
Armour         | |  2.6
Shields        | |  2.6

Action                   |  1- 3 |  4- 6 || total
-------------------------+-------+-------++-------
Melee: Flail             |   141 |    41 ||   182
  Use: Scroll            |       |     1 ||     1
Armor: Scale mail        |    68 |    23 ||    91
Dodge: Dodged            |    51 |    23 ||    74
Block: Buckler           |    25 |    12 ||    37

Table legend: (Time is in decaauts)
 A = Elapsed time spent in this place.
 B = Non-inter-level travel time spent in this place.
 C = Inter-level travel time spent in this place.
 D = Time resting spent in this place.
 E = Time spent auto-exploring this place.
 F = Levels seen in this place.
 G = Mean time per level.
                   A        B        C        D        E       F      G
               +--------+--------+--------+--------+--------+-----+--------+
         Total |   3283 |   3142 |    141 |    918 |   1562 |   3 | 1094.3 |
       Dungeon |   3283 |   3142 |    141 |    918 |   1562 |   3 | 1094.3 |
               +--------+--------+--------+--------+--------+-----+--------+

Top non-repeatable levels by time:
     D:2: 1942 daAuts
     D:1: 1088 daAuts
     D:3: 252 daAuts
